[ AOE2 MATCH · #504551854 ]
UnrankedWu vs Britons
Player's team · WIN
Rival team · LOSS
[ REPLAY ANALYSIS · EXTRACTED FROM THE RECORDED GAME ]
Feudal
8:51
Castle
—
Imperial
—
| APM avg | 50.5 |
| APM peak | 83 |
| eAPM avg | 13.8 |
| Villagers / military | 27 / 4 |
Focus
⚔️ 14.4% · 🌾 85.6%
Scout Cavalry ×4
Feudal
10:34
Castle
—
Imperial
—
| APM avg | 62.7 |
| APM peak | 114 |
| eAPM avg | 16.3 |
| Villagers / military | 27 / 10 |
Focus
⚔️ 42.7% · 🌾 57.3%
Militia ×4 · Archer ×3 · Spearman ×3
Match map
Initial resources + every placement click. Lines = walls · curves = elevation contours. ◆ gold · ⬟ stone · ● berries · ✦ relic · ◌ wall gap
Your base· Open — unwalled flank
Panelo's base· Open — unwalled flank
Smoothed initial terrain · ◌ = detected wall gap · hover for details
Inputs per minute
— OldSlaughter - - Panelo
Build order — OldSlaughter
55 actions detected in the replay
| 0:00 | Queue | Villager (Male) |
| 0:00 | Queue | Villager (Male) |
| 0:01 | Queue | Villager (Male) |
| 0:02 | Build | House |
| 0:03 | Build | House |
| 0:16 | Queue | Villager (Male) |
| 1:28 | Queue | Villager (Male) |
| 1:54 | Build | Lumber Camp |
| 1:58 | Queue | Villager (Male) |
| 2:11 | Build | House |
| 2:14 | Queue | Villager (Male) |
| 2:44 | Queue | Villager (Male) |
| 3:00 | Queue | Villager (Male) |
| 3:42 | Queue | Villager (Male) |
| 3:56 | Queue | Villager (Male) |
| 4:17 | Queue | Villager (Male) |
| 5:01 | Queue | Villager (Male) |
| 5:01 | Queue | Villager (Male) |
| 5:01 | Queue | Villager (Male) |
| 5:09 | Queue | Villager (Male) |
| 5:12 | Build | Mill |
| 5:37 | Research | Loom |
| 6:39 | Research | Feudal Age |
| 6:57 | Build | Barracks |
| 7:32 | Queue | Villager (Male) |
| 7:53 | Build | House |
| 8:51 | Age | Feudal Age |
| 8:57 | Build | Stable |
| 9:03 | Queue | Villager (Male) |
| 9:20 | Research | Double-Bit Axe |
| 9:21 | Queue | Villager (Male) |
| 9:47 | Queue | Scout Cavalry |
| 9:48 | Queue | Scout Cavalry |
| 10:19 | Queue | Scout Cavalry |
| 10:24 | Queue | Villager (Male) |
| 10:25 | Queue | Villager (Male) |
| 10:27 | Build | Farm |
| 10:28 | Build | Farm |
| 10:41 | Build | Farm |
| 10:50 | Build | House |
| 10:55 | Queue | Villager (Male) |
| 11:00 | Build | House |
| 11:10 | Build | Farm |
| 11:21 | Queue | Villager (Male) |
| 11:29 | Queue | Scout Cavalry |
| 11:42 | Queue | Villager (Male) |
| 11:56 | Build | Farm |
| 12:10 | Queue | Villager (Male) |
| 12:13 | Build | Farm |
| 12:20 | Build | House |
| 12:24 | Build | House |
| 12:33 | Queue | Villager (Male) |
| 12:36 | Build | Farm |
| 13:02 | Queue | Villager (Male) |
| 13:08 | Build | Farm |
Build order — Panelo
68 actions detected in the replay
| 0:01 | Queue | Villager (Male) |
| 0:01 | Queue | Villager (Male) |
| 0:01 | Queue | Villager (Male) |
| 0:03 | Build | House |
| 0:05 | Build | House |
| 1:10 | Queue | Villager (Male) |
| 1:10 | Queue | Villager (Male) |
| 1:41 | Queue | Villager (Male) |
| 1:50 | Queue | Villager (Male) |
| 1:57 | Build | Lumber Camp |
| 2:11 | Queue | Villager (Male) |
| 2:11 | Queue | Villager (Male) |
| 2:34 | Queue | Villager (Male) |
| 2:51 | Queue | Villager (Male) |
| 2:51 | Queue | Villager (Male) |
| 3:26 | Queue | Villager (Male) |
| 3:50 | Build | House |
| 4:10 | Queue | Villager (Male) |
| 4:33 | Queue | Villager (Male) |
| 4:33 | Queue | Villager (Male) |
| 4:49 | Queue | Villager (Male) |
| 5:06 | Build | Barracks |
| 5:17 | Queue | Villager (Male) |
| 5:29 | Build | House |
| 5:42 | Queue | Villager (Male) |
| 5:44 | Queue | Villager (Male) |
| 6:00 | Queue | Militia |
| 6:00 | Queue | Militia |
| 6:04 | Build | Mill |
| 6:26 | Queue | Militia |
| 6:27 | Queue | Militia |
| 6:36 | Build | Palisade Wall |
| 7:04 | Queue | Villager (Male) |
| 7:31 | Queue | Villager (Male) |
| 7:32 | Research | Loom |
| 7:36 | Build | House |
| 7:42 | Build | Palisade Wall |
| 8:02 | Build | Farm |
| 8:03 | Build | Farm |
| 8:24 | Research | Feudal Age |
| 9:37 | Build | Mining Camp |
| 10:34 | Age | Feudal Age |
| 10:39 | Queue | Villager (Male) |
| 10:43 | Build | Archery Range |
| 10:54 | Queue | Spearman |
| 10:55 | Queue | Spearman |
| 11:09 | Queue | Villager (Male) |
| 11:15 | Build | Blacksmith |
| 11:17 | Build | Palisade Wall |
| 11:17 | Build | Palisade Wall |
| 11:19 | Build | Palisade Wall |
| 11:24 | Queue | Villager (Male) |
| 11:33 | Build | Palisade Gate |
| 11:34 | Build | House |
| 11:38 | Queue | Villager (Male) |
| 11:57 | Build | Palisade Wall |
| 12:00 | Queue | Archer |
| 12:01 | Queue | Archer |
| 12:07 | Queue | Villager (Male) |
| 12:11 | Build | Farm |
| 12:20 | Build | Farm |
| 12:26 | Queue | Archer |
| 12:42 | Build | Palisade Wall |
| 12:54 | Queue | Spearman |
| 12:55 | Build | House |
| 12:57 | Build | Palisade Wall |
| 13:02 | Build | Palisade Gate |
| 13:07 | Build | Palisade Wall |
Match timeline
| 5:06 | Panelo · first_building Barracks |
| 6:36 | Panelo · wall_segment Palisade Wall x5 |
| 6:57 | OldSlaughter · first_building Barracks |
| 7:42 | Panelo · wall_segment Palisade Wall x6 |
| 8:51 | OldSlaughter · age_up feudal |
| 8:57 | OldSlaughter · first_building Stable |
| 10:34 | Panelo · age_up feudal |
| 10:43 | Panelo · first_building Archery Range |
| 11:17 | Panelo · wall_segment Palisade Wall x8 |
| 11:17 | Panelo · wall_segment Palisade Wall x3 |
| 11:19 | Panelo · wall_segment Palisade Wall x1 |
| 11:57 | Panelo · wall_segment Palisade Wall x8 |
| 12:42 | Panelo · wall_segment Palisade Wall x13 |
| 12:57 | Panelo · wall_segment Palisade Wall x1 |
| 13:07 | Panelo · wall_segment Palisade Wall x1 |
| 13:12 | Panelo · resign |
[ AI ANALYSIS · 1 CREDIT ]
What really happened in this match?
Wolo.gg analyzes every decision: build order, eco, micro, common mistakes by bracket. Personalized analysis on WhatsApp or Discord in 30 seconds.
Civ guide
Wu
Perfil
OldSlaughter